 Dungeon Crawl Stone Soup version 0.31.0-11-ge490571c62 (webtiles) character file.

Game seed: 7706694105493319111

23 qw the Shooter (level 2, 0/16 HPs)
             Began as a Deep Elf Hunter on Feb 4, 2024.
             Succumbed to their own poison gas
             ... on level 1 of the Dungeon.
             The game lasted 00:00:02 (735 turns).

qw the Shooter (Deep Elf Hunter)                     Turns: 735, Time: 00:00:02

Health: 0/16       AC:  4    Str:  8    XL:     2   Next: 72%
Magic:  4/4        EV: 17    Int: 13    God:
Gold:   65         SH:  0    Dex: 18    Spells: 1/1 levels left

rFire   . . .        a - +0 shortbow
rCold   . . .        (shield currently unavailable)
rNeg    . . .        c - +0 leather armour
rPois   .            i - +0 helmet
rElec   .            (no cloak)
rCorr   .            (no gloves)
SInv    .            (no boots)
Will    .....        (no amulet)
Stlth   ++           j - +5 ring of evasion
HPRegen 0.22/turn    (no ring)
MPRegen 0.09/turn

%: no passive effects
@: lethally poisoned (0 -> -6)
A: no striking features
a: no special abilities


You were on level 1 of the Dungeon.
You visited 1 branch of the dungeon, and saw 1 of its levels.

You collected 65 gold pieces.


   Skills:
 - Level 1.5 Fighting
 + Level 6.4 Ranged Weapons
 - Level 2.4 Dodging
 - Level 1.2 Stealth


You had one spell level left.
You didn't know any spells.
Your spell library was empty.

Inventory:

Hand Weapons
 a - a +0 shortbow (weapon)
Armour
 c - a +0 leather armour (worn)
 i - a +0 helmet (worn)
Jewellery
 j - a +5 ring of evasion (left hand)
Scrolls
 d - a scroll of teleportation
Potions
 g - a potion of curing {unknown}
 k - a potion of magic {unknown}

Dungeon Overview and Level Annotations

Branches:
Dungeon (1/15)

Altars:


Message History

You feel strangely unstable.
It was a scroll of teleportation.
You start waiting.
Your surroundings suddenly seem different.
Done exploring.
729 ||| READING scroll labelled KUEPPU WUALAU.
As you read the scroll labelled KUEPPU WUALAU, it crumbles to dust.
It is a scroll of identify.
729 ||| IDENTIFYING fizzy white potion;
e - a potion of lignification Done exploring.
730 ||| READING scroll labelled PAUDWI WECLA.
The air fills with toxic fumes!
As you read the scroll labelled PAUDWI WECLA, it crumbles to dust.
It was a scroll of poison.
Done exploring.
731 ||| DROPPING scroll of butterflies.
You drop a scroll of butterflies.
Done exploring.
732 ||| DROPPING potion of lignification.
You drop a potion of lignification.
Done exploring.
What level of the Dungeon? (default 1, ? - help) Sorry, I don't know how to get there.
Enter note:
Enter note:
Enter note:
Enter note:
Enter note:
Enter note:
Enter note:
Enter note:
Enter note: You are engulfed in poison gas.
You are poisoned.
Ouch! That really hurt!
You feel very sick.
734 ||| Stepping ~*~*~tactically~*~*~ (cloud).
You feel very sick.
Things that are here:
a potion of lignification; a scroll of butterflies
There is a lethal amount of poison in your body!
You die...

####...........##.........#
...........¤¤0¤¤¤¤0######.#
####.#######¤¤¤¤¤¤¤# #.#
####.### #¤¤¤¤0¤¤# #.#
.......# #¤¤¤¤¤¤¤# #.#
####.#.# #¤0¤¤¤¤¤# #.#
.....#.# #¤¤¤¤¤¤¤# ##'###
######.# #¤¤¤¤¤¤0#
#....##### ##.....#
#¤¤¤¤@0¤# #......#..
.#.##### #¤¤¤¤¤¤¤#
#.....##.# .#.....#
#¤00¤¤¤¤# #........#
.#.....# #¤¤¤¤¤¤¤#
#....###.# .#.....#
######### ##....#...#
.#.....# #..........
.......# #..........
.##....# #..........
.##....# #..........


There were no monsters in sight!

Vanquished Creatures
  A dart slug (D:1)
  4 endoplasms (D:1)
  2 giant cockroaches (D:1)
  A goblin (D:1)
  A hobgoblin (D:1)
  2 jackals (D:1)
  A ball python (D:1)
  2 bats (D:1)
  3 kobolds (D:1)
  2 rats (D:1)
19 creatures vanquished.

Notes
Turn   | Place    | Note
-------+----------+-------------------------------------------
     0 | D:1      | qw the Deep Elf Hunter began the quest for the Orb.
     0 | D:1      | Reached XP level 1. HP: 12/12 MP: 3/3
     0 | D:1      | 0 ||| qw: Version: 0.3-a-160-g6735b56
     0 | D:1      | 0 ||| qw: Game counter: 4855
     0 | D:1      | 0 ||| qw: Melee chars always use a shield: true
     0 | D:1      | 0 ||| qw: God list: Okawaru
     0 | D:1      | 0 ||| qw: Allow faded altars: false
     0 | D:1      | 0 ||| qw: Do Orc after clearing Dungeon:15 true
     0 | D:1      | 0 ||| qw: Do second Lair branch before Depths: true
     0 | D:1      | 0 ||| qw: Lair rune preference: random
     0 | D:1      | 0 ||| qw: Goals: Normal
     0 | D:1      | 0 ||| PLANNING D:1-11
   157 | D:1      | Reached skill level 6 in Ranged Weapons
   157 | D:1      | Reached XP level 2. HP: 16/16 MP: 4/4
   720 | D:1      | 720 ||| UPGRADING to +0 helmet.
   725 | D:1      | 725 ||| UPGRADING to +5 ring of evasion.
   726 | D:1      | 726 ||| READING 2 scrolls labelled KOATZIBYICW.
   729 | D:1      | 729 ||| READING scroll labelled KUEPPU WUALAU.
   729 | D:1      | 729 ||| IDENTIFYING fizzy white potion
   730 | D:1      | 730 ||| READING scroll labelled PAUDWI WECLA.
   731 | D:1      | 731 ||| DROPPING scroll of butterflies.
   732 | D:1      | 732 ||| DROPPING potion of lignification.
   733 | D:1      | HP: 4/16 [poisoned by you (poison gas)]
   734 | D:1      | 734 ||| Stepping ~*~*~tactically~*~*~ (cloud).
   734 | D:1      | HP: 1/16 [poisoned by you (poison gas)]
   735 | D:1      | Succumbed to their own poison gas

Levels and vault maps discovered:
D:1:      eino_arrival_tree_alley, layout_basic

Skill      XL: |  1 |
---------------+----+-----
Ranged Weapons | 6 |  6.4
Fighting       | |  1.5
Dodging        | |  2.4
Stealth        | |  1.2

Action                     || total
---------------------------++-------
   Fire: Shortbow          ||    55
    Use: Scroll            ||     3
 Armour: Leather armour    ||    10
  Dodge: Dodged            ||    11

Table legend:
 A = Non-vault XP
 B = Vault XP
 C = Vault XP percentage of total XP
 D = Non-vault monster count
 E = Vault monster count
 F = Vault count percentage of total count
                 A         B        C        D         E       F
            +---------+---------+-------+---------+---------+-------
      Total |      33 |       0 |   0.0 |      19 |       0 |   0.0
            +---------+---------+-------+---------+---------+-------
        D:1 |      33 |       0 |   0.0 |      19 |       0 |   0.0
            +---------+---------+-------+---------+---------+-------
